 Dungeon Crawl Stone Soup version 0.30-a0-5-g3a90980b9d (webtiles) character file.

Game seed: 1384668641850799482

16 Ijustatesigmund the Firebug (level 2, -1/20 HPs)
             Began as a Hill Orc Fire Elementalist on Aug 22, 2022.
             Slain by a hobgoblin (4 damage)
             ... on level 1 of the Dungeon.
             The game lasted 00:01:14 (738 turns).

Ijustatesigmund the Firebug (HOFE)                   Turns: 738, Time: 00:01:15

Health: -1/20      AC:  2    Str: 10    XL:     2   Next: 54%
Magic:  1/4        EV: 12    Int: 15    God:
Gold:   30         SH:  0    Dex: 11    Spells: 3/4 levels left

rFire   . . .      SeeInvis .    f - +0 short sword (elec)
rCold   . . .      Faith    .    (no shield)
rNeg    . . .      Spirit   .    a - +0 robe
rPois   .          Reflect  .    (no helmet)
rElec   .          Harm     .    (no cloak)
rCorr   .          Rampage  .    (no gloves)
Will    .....                    (no boots)
Stlth   ++........               (no amulet)
HPRegen 0.06/turn                (no ring)
MPRegen 0.09/turn                (no ring)

@: no status effects
A: no striking features
a: no special abilities


You were on level 1 of the Dungeon.
You visited 1 branch of the dungeon, and saw 1 of its levels.

You collected 30 gold pieces.

Inventory:

Hand Weapons
 f - a +0 short sword of electrocution (weapon)
Armour
 a - a +0 robe (worn)
Magical Staves
 e - a staff of earth
Potions
 b - 2 potions of magic


   Skills:
 - Level 1.5 Dodging
 - Level 1.5 Stealth
 + Level 1.9 Spellcasting
 + Level 1.6 Conjurations
 + Level 3.6 Fire Magic


You had 3 spell levels left.
You knew the following spells:

 Your Spells              Type           Power      Damage    Failure   Level
a - Foxfire               Conj/Fire      36%        2x1d5     8%          1

Your spell library contained the following spells:

 Spells                   Type           Power      Damage    Failure   Level
 Scorch                   Fire           24%        2d6       8%          2
 Conjure Flame            Conj/Fire      9%         6-21      24%         3
 Inner Flame              Hex/Fire       6%         N/A       32%         3
 Flame Wave               Conj/Fire      9%         2d6       61%         4


Dungeon Overview and Level Annotations

Branches:
Dungeon (1/15)

Altars:


Message History

The jackal attacks as you move away! The jackal bites you.
* * * LOW HITPOINT WARNING * * *
You hit the quokka.
The quokka is severely wounded.
The quokka misses you. x2
You hit the quokka.
You kill the quokka!
You barely miss the ball python.
The ball python bites you but does no damage.
The ball python grabs you. The ball python constricts you.
The ball python bites you.
* * * LOW HITPOINT WARNING * * *
The ball python constricts you.
You barely miss the ball python. The ball python completely misses you.
The ball python constricts you.
You closely miss the ball python. The ball python barely misses you.
The ball python constricts you. The ball python barely misses you.
The ball python constricts you.
Casting: Foxfire (safe; 8% risk of failure)
Confirm with . or Enter, or press ? or * to list all spells.
You conjure some foxfire!
The ball python bites you.
* * * LOW HITPOINT WARNING * * *
The ball python constricts you.
The foxfire hits the ball python.
The ball python is severely wounded.
The foxfire hits the ball python.
You kill the ball python!
You closely miss the hobgoblin. The hobgoblin misses you. x2
As you read the scroll labelled ICIFRI BAHOTZ, it crumbles to dust.
You hear a loud clanging noise!
It was a scroll of noise.
As you read the scroll labelled LOCYTAOQAIPP, it crumbles to dust.
It is a scroll of identify.
You don't have any unidentified items.
The hobgoblin closely misses you. The goblin hits you but does no damage.
The goblin attacks as you move away! The goblin barely misses you.
The hobgoblin misses you. The hobgoblin attacks as you move away!
The hobgoblin barely misses you. The hobgoblin attacks as you move away!
The hobgoblin hits you.
You die...

#..###h.......... ###
###....#.####...... ..#
#....(...####.....
#.###.##.#............
...##.##.........###.
......##......h.(#
................J###.###
####...........gg.......
#..#........####@#.#.#..
...'.......## #.#.#
#<.#######..# #.# .
#..†.### #..# #.# .#
####...## ..# #.# # #
##...# .# #.. # ##..##
... # ##...# ### #
#....#


You could see an endoplasm, a jackal, a hobgoblin and a goblin.

Vanquished Creatures
  A bat (D:1)
  An endoplasm (D:1)
  A jackal (D:1)
  3 kobolds (D:1)
  A quokka (D:1)
  2 ball pythons (D:1)
  7 rats (D:1)
16 creatures vanquished.

Vanquished Creatures (others)
  42 foxfires (D:1)
42 creatures vanquished.

Grand Total: 58 creatures vanquished

Notes
Turn   | Place    | Note
-------+----------+-------------------------------------------
     0 | D:1      | Ijustatesigmund the Hill Orc Fire Elementalist began the
                  | quest for the Orb.
     0 | D:1      | Reached XP level 1. HP: 14/14 MP: 3/3
   520 | D:1      | Reached XP level 2. HP: 20/20 MP: 0/4
   738 | D:1      | Slain by a hobgoblin

Illustrated notes

Levels and vault maps discovered:
D:1:      dpeg_arrival_ratfight, layout_loops_cross

Action                   || total
-------------------------++-------
Melee: Unarmed           ||     7
       Short sword       ||    10
 Cast: Foxfire           ||    26
  Use: Scroll            ||     2
Armor: Robe              ||    10
Dodge: Dodged            ||    31

Table legend: (Time is in decaauts)
 A = Elapsed time spent in this place.
 B = Non-inter-level travel time spent in this place.
 C = Inter-level travel time spent in this place.
 D = Time resting spent in this place.
 E = Time spent auto-exploring this place.
 F = Levels seen in this place.
 G = Mean time per level.
                   A        B        C        D        E       F      G
               +--------+--------+--------+--------+--------+-----+--------+
         Total |    738 |    738 |      0 |    224 |    401 |   1 |  738.0 |
       Dungeon |    738 |    738 |      0 |    224 |    401 |   1 |  738.0 |
               +--------+--------+--------+--------+--------+-----+--------+

Top non-repeatable levels by time:
     D:1: 738 daAuts
